 Dungeon Crawl Stone Soup version 0.25.1-9-gc5326a611f (webtiles) character file.

Game seed: 2376376610929989515

216 raceaflais the Chopper (level 5, -7/45 HPs)
             Began as a Hill Orc Gladiator on Dec 29, 2020.
             Was an Initiate of Makhleb.
             Killed by nerve-wracking pain
             ... invoked by Grinder
              (12 damage)
             ... on level 4 of the Dungeon.
             The game lasted 00:18:08 (3747 turns).

raceaflais the Chopper (Hill Orc Gladiator)         Turns: 3747, Time: 00:18:09

Health: -7/45      AC: 11    Str: 18    XL:     5   Next: 93%
Magic:  5/5        EV:  7    Int:  8    God:    Makhleb [......]
Gold:   189        SH:  3    Dex: 12    Spells: 4/4 levels left

rFire    + . .     SeeInvis .   l - +1 dagger (speed)
rCold    + . .     Gourm    .   q - +0 buckler
rNeg     . . .     Faith    .   e - +0 chain mail
rPois    .         Spirit   .   c - +1 helmet
rElec    .         Reflect  .   i - scarf {rC+ rF+}
rCorr    .         Harm     .   (no gloves)
MR       .....     Rnd*Tele +   (no boots)
Stlth    ..........             (no amulet)
HPRegen  0.15/turn              m - ring of teleportation
MPRegen  0.09/turn              (no ring)

@: no status effects
A: no striking features
a: Renounce Religion


You were on level 4 of the Dungeon.
You worshipped Makhleb.
Makhleb was noncommittal.
You were not hungry.

You visited 1 branch of the dungeon, and saw 4 of its levels.

You collected 189 gold pieces.

Inventory:

Hand Weapons
 a - a +0 war axe
 d - a +0 flail
 h - a +0 falchion
 j - a +0 hand axe
 k - a cursed -3 hunting sling
 l - a +1 dagger of speed (weapon)
 t - a +0 mace
Missiles
 n - 13 arrows
 u - 2 boomerangs (quivered)
Armour
 b - a +0 leather armour
 c - a +1 helmet (worn)
 e - a +0 chain mail (worn)
 i - a scarf of resistance (worn)
 q - a +0 buckler (worn)
Jewellery
 m - a ring of teleportation (left hand)
 p - a -4 ring of dexterity
Scrolls
 g - a scroll of teleportation
 w - a scroll of remove curse
Potions
 o - a potion of mutation {unknown}
 r - a potion of curing
Comestibles
 f - 7 rations


   Skills:
 + Level 3.1 Fighting
 + Level 6.1 Axes
 + Level 2.1 Throwing
 + Level 2.7 Armour
 + Level 3.0 Dodging
 + Level 0.1 Stealth
 + Level 0.9 Shields


You had 4 spell levels left.
You didn't know any spells.
Your spell library was empty.

Dungeon Overview and Level Annotations

Branches:
Dungeon (4/15)
 Temple: D:4-7

Altars:
Hepliaklqana
Makhleb
Ru
Trog
Uskayaw
Zin

Annotations:
D:4 1 runed translucent door, Grinder; raceaflais's ghost, amateur DrFE


Message History

The ball python grabs you. The ball python constricts you.
You escape the ball python's grasp.
Grinder gestures at you. You resist with significant effort.
The ball python closely misses you. x2
The ball python bites you but does no damage.
The ball python grabs you. The ball python constricts you.
You escape the ball python's grasp.
Grinder blinks!
Grinder says, "Tell me all your secrets, or I'll kill you."
Grinder gestures at you.
You barely resist. The ball python barely misses you. x2
The ball python bites you but does no damage.
The ball python grabs you. The ball python constricts you.
You escape the ball python's grasp.
You see here 16 gold pieces.
You hear the brisk hiss of a distant avalanche of sand.
Grinder gestures at you. Pain shoots through your body!
You die...

..#.# #.#.# ....
### ## ##.#.##
.... ......
..... ....
##..## #....
..... .....+
#...#..#..#
##..##.
..###...#......
.......
.......@.......
......#
#####.#.#..##.#
#.....+
.......5#..#
##....#
#####.#S...# #
....# #.#$...# #
##.#
######.#....##.#
# #
#...............
#
#........#####..
# #..###...#W§ .


You could see Grinder and a ball python.

Vanquished Creatures
  A hound (D:4)
  2 orc priests (D:3)
  5 adders
  A shadow imp (D:4)
  An adder skeleton (D:4)
  2 worms (D:2)
  A dart slug (D:1)
  3 leopard geckos
  2 orcs (D:3)
  A ball python (D:2)
  7 bats
  2 giant cockroaches
  6 goblins
  5 hobgoblins
  2 jackals (D:4)
  5 quokkas
  7 frilled lizards
  6 kobolds
  5 rats
  2 bushes (D:2)
  A plant (D:2)
67 creatures vanquished.

Notes
Turn   | Place    | Note
-------+----------+-------------------------------------------
     0 | D:1      | raceaflais the Hill Orc Gladiator began the quest for the
                  | Orb.
     0 | D:1      | Reached XP level 1. HP: 18/18 MP: 1/1
   224 | D:1      | Reached XP level 2. HP: 24/25 MP: 2/2
  1157 | D:2      | Reached skill level 1 in Armour
  1157 | D:2      | Reached XP level 3. HP: 29/30 MP: 3/3
  1405 | D:2      | Reached XP level 4. HP: 37/37 MP: 4/4
  1506 | D:2      | Reached skill level 5 in Axes
  2027 | D:3      | Found a glowing silver altar of Zin.
  2327 | D:3      | Found a burning altar of Makhleb.
  2428 | D:3      | Found a sacrificial altar of Ru.
  2429 | D:3      | Found a hide-covered altar of Uskayaw.
  2429 | D:3      | Found a bloodstained altar of Trog.
  2450 | D:3      | Reached XP level 5. HP: 22/45 MP: 5/5
  2819 | D:3      | Became a worshipper of Makhleb the Destroyer
  2858 | D:3      | Reached skill level 6 in Axes
  2865 | D:3      | Found a hazy altar of Hepliaklqana.
  3548 | D:4      | Found a runed translucent door.
  3558 | D:4      | Noticed raceaflais's ghost (amateur DrFE)
  3682 | D:4      | Noticed Grinder
  3685 | D:4      | Paralysed by Grinder for 4 turns
  3699 | D:4      | Paralysed by Grinder for 4 turns
  3706 | D:4      | HP: 2/45 [Grinder (1)]
  3722 | D:4      | HP: 1/45 [Grinder/nerve-wracking pain (3)]
  3747 | D:4      | Killed from afar by Grinder

Illustrated notes

Levels and vault maps discovered:
D:1:      lightli_arrival_noodles, layout_loops_corners, minivault_26, hex_large
D:2:      lemuel_upstairs_altar, layout_loops_cross, kennysheep_boxes
D:3:      layout_basic, old_standard_altar, marbit_many_paths,
          chequers_temple_overflow_statue_of_worship, grunt_decor_one_mirror
D:4:      layout_basic, nicolae_ossuary_entry_ruins, ebering_ghost_inner_flame,
          uniq_grinder

Skill      XL: |  1  2  3  4  5 |
---------------+----------------+-----
Throwing       | 2 |  2.1
Armour         | 1 2 |  2.7
Axes           | 5 6 |  6.1
Fighting       | 3 |  3.1
Dodging        | 3 |  3.0
Stealth        | |  0.1
Shields        | |  0.9

Action                   |  1- 3 |  4- 6 || total
-------------------------+-------+-------++-------
Melee: War axe           |   150 |   116 ||   266
       Dagger            |       |    47 ||    47
Throw: Throwing net      |     1 |     3 ||     4
       Javelin           |       |    13 ||    13
  Use: Potion            |     4 |     4 ||     8
       Scroll            |     2 |     6 ||     8
  Eat: Chunk             |     2 |     3 ||     5
       Ration            |       |     2 ||     2
Armor: Leather armour    |    11 |       ||    11
       Chain mail        |    46 |   103 ||   149
Dodge: Dodged            |    57 |    59 ||   116
Block: Buckler           |       |    26 ||    26
